 Dungeon Sprint DCSS version 0.20.1-1-g8b1a95d (webtiles) character file.

10442 potatolord6000 the Fighter (level 11, -19/111 HPs)
             Began as a Minotaur Fighter on Aug 28, 2017.
             Was an Elder of Qazlal.
             Killed from afar by a hellephant (52 damage)
             ... with a blast of flame
             ... in the Dungeon (Sprint II: "The Violet Keep of Menkaure").
             The game lasted 00:14:06 (2316 turns).

potatolord6000 the Fighter (Minotaur Fighter)       Turns: 2316, Time: 00:14:06

Health: -19/111    AC: 21    Str: 25    XL:     11   Next: 36%
Magic:  22/22      EV:  9    Int:  5    God:    Qazlal [****..]
Gold:   769        SH: 19    Dex:  9    Spells: 27/27 levels left

rFire    . . .     SeeInvis .   a - +0 war axe
rCold    . . .     Gourm    .   c - +0 shield
rNeg     . . .     Faith    .   d - +3 chain mail {MR+}
rPois    .         Spirit   .   (helmet restricted)
rElec    .         Reflect  .   (no cloak)
rCorr    .         Harm     .   (no gloves)
MR       +....     NoTele   +   (no boots)
Stlth    ..........             m - amulet of rage
Regen    0.3/turn               b - +5 ring of protection
MPRegen  0.2/turn               (no ring)

@: flying, repel missiles
A: retaliatory headbutt, horns 2, subdued magic 1
a: Upheaval, Elemental Force, Renounce Religion, Evoke Berserk Rage


You were in the Dungeon.
You worshipped Qazlal.
Qazlal was greatly pleased with you.
You were not hungry.

You visited 1 branch You collected 1664 gold pieces.
You spent 895 gold pieces at shops.

Inventory:

Hand Weapons
 a - a +0 war axe (weapon)
Armour
 c - a +0 shield (worn)
 d - a +3 chain mail of magic resistance (worn)
Jewellery
 b - a +5 ring of protection (left hand)
 m - an amulet of rage (around neck)
Scrolls
 g - a scroll of amnesia {unknown}
 k - a scroll of blinking
 l - 2 scrolls of recharging {unknown}
 n - 2 scrolls of magic mapping {unknown}
 p - a scroll of fear {unknown}
 r - a scroll of immolation {unknown}
Potions
 e - a potion of invisibility {unknown}
 i - 5 potions of magic
 o - 4 potions of resistance
 q - a potion of flight
 s - a potion of curing
 t - a potion of agility {unknown}
Comestibles
 h - a meat ration
 u - a bread ration


   Skills:
 + Level 14.6 Fighting
 + Level 14.4 Axes
 + Level 14.6 Armour
 + Level 14.6 Shields
 + Level 8.8 Spellcasting
 + Level 7.9 Invocations


You had 27 spell levels left.
You didn't know any spells.

Dungeon Overview and Level Annotations

Branches:
Dungeon (1/1)

Altars:
Cheibriados
Dithmenos
Elyvilon
Fedhas
Gozag
Hepliaklqana
Kikubaaqudgha
Makhleb
Nemelex Xobeh
Okawaru
Qazlal
Ru
Sif Muna
Trog
Uskayaw
Vehumet
Xom
Yredelemnul
Zin
The Shining One
Beogh
Jiyva
Lugonu

Shops:
D :%(!*[==}!?([(*:

Annotations:
D exclusions: oklob plant and orange crystal statue, Sonja


Innate Abilities, Weirdness & Mutations

You reflexively headbutt those who attack you in melee.
You have a pair of horns on your head.
Your spells are a little easier to cast, but a little less powerful.


Message History

You reach down and open the door.
You block the bat's attack. The bat barely misses you.
The hellephant breathes flames at you.
The blast of flame hits the bat.
The bat dies!
The bat's corpse dissolves into shadows!
The blast of flame hits you!
There is an open door, spattered with blood here.
You reach down and close the door.
A glowing orange brain opens the door.
The hellephant blinks!
The hellephant is struck by lightning.
The hellephant tramples you but does no damage.
The hellephant bites you!
* * * LOW HITPOINT WARNING * * *
The hellephant gores you but does no damage.
The hellephant blinks!
The hellephant blinks!
The hellephant breathes flames at you. The blast of flame hits you!
You die...

#≈≈≈§§≈≈≈.≈#._._._._#≈≈§§####▓▓▓▓
≈≈≈§≈≈§§≈≈≈#_._._._.#≈§§§§##..#..
≈≈≈≈≈≈≈§§≈≈#._._._..#≈§§≈≈§#.†#..
+#≈§§≈§§§≈≈#.._._._.#≈§≈≈§§+..+..
##§§≈###≈≈#..._._._#§§§§§§#..#..
≈≈##§≈# #≈≈#...._._.#§§§≈≈≈▓..#..
≈≈§+≈≈#+#≈≈#....._..#≈§§§▓▓▓▓▓▓▓▓
≈≈##≈≈≈≈≈≈§##########G§§§▓.z. §##
#######≈≈≈≈@§§≈≈≈≈≈≈▓...≈ ##
§≈≈≈###≈########Y▓▓▓▓▓▓▓▓
≈≈§≈≈##≈# #▓▓ ≈≈§.≈≈+≈# ≈§§.§####
.§§.# ####


You could see a glowing orange brain.

Vanquished Creatures
  A kraken (D)
  2 sphinxes (D)
  2 deep trolls (D)
  A yaktaur (D)
  2 hippogriffs (D)
  3 polar bears (D)
  A hornet (D)
  A blink frog (D)
  12 flying skulls (D)
  4 neqoxecs (D)
  4 necrophages (D)
  4 crocodiles (D)
  2 worms (D)
  6 tentacles (D)
45 creatures vanquished.

Vanquished Creatures (others)
  Menkaure (D)
  A crocodile (D)
  19 tentacles (D)
21 creatures vanquished.

Grand Total: 66 creatures vanquished

Notes
Turn   | Place    | Note
-------+----------+-------------------------------------------
     0 | D        | potatolord6000 the Minotaur Fighter began the quest for the Orb.
     0 | D        | Reached XP level 1. HP: 19/19 MP: 0/0
     1 | D        | Noticed a hippogriff
     1 | D        | Noticed a hippogriff
    10 | D        | Killed a hippogriff
    10 | D        | Reached XP level 2. HP: 33/34 MP: 0/5
    10 | D        | Reached XP level 3. HP: 38/39 MP: 0/6
    10 | D        | Reached XP level 4. HP: 45/47 MP: 0/7
    10 | D        | Reached XP level 5. HP: 50/52 MP: 0/8
    16 | D        | Killed a hippogriff
    16 | D        | Reached XP level 6. HP: 56/61 MP: 0/11
    34 | D        | Noticed a neqoxec
    34 | D        | Noticed a neqoxec
    34 | D        | Noticed a neqoxec
    34 | D        | Noticed a neqoxec
    37 | D        | Killed a neqoxec
    37 | D        | Gained mutation: Your spells are a little easier to cast, but a little less powerful. [a neqoxec]
    39 | D        | Killed a neqoxec
    39 | D        | Reached XP level 7. HP: 59/70 MP: 2/13
    42 | D        | Killed a neqoxec
    42 | D        | Reached skill level 5 in Spellcasting
    45 | D        | Killed a neqoxec
    57 | D        | Killed Menkaure
    73 | D        | Reached skill level 10 in Fighting
    73 | D        | Reached skill level 10 in Armour
    73 | D        | Reached skill level 10 in Shields
    74 | D        | Reached XP level 8. HP: 62/79 MP: 6/15
    79 | D        | Reached skill level 10 in Axes
   123 | D        | Found Syuc's General Store.
   124 | D        | Found Wuddis's Distillery.
   124 | D        | Found Awnuceh's Gadget Emporium.
   124 | D        | Found Juigho's Assorted Antiques.
   124 | D        | Found Idduak's Jewellery Shoppe.
   124 | D        | Found Mosehy's Antique Weapon Shoppe.
   124 | D        | Found Xeirgh's Distillery.
   124 | D        | Found Poext's Weapon Shoppe.
   124 | D        | Found Xuneto's Jewellery Emporium.
   124 | D        | Found Lint's Book Shoppe.
   124 | D        | Found Vuiz's Magic Scroll Emporium.
   125 | D        | Found Cocru's Antique Weapon Shoppe.
   125 | D        | Found Awu Ymmo's Food Emporium.
   127 | D        | Found Ereu's Antique Armour Shoppe.
   127 | D        | Found Doushrir's Antique Armour Emporium.
   128 | D        | Noticed an oklob plant
   129 | D        | Found Byegg's Book Shoppe.
   131 | D        | Noticed a manticore
   131 | D        | Noticed a manticore
   132 | D        | Noticed a manticore
   134 | D        | Noticed a hell hog
   159 | D        | Bought a glowing chain mail for 180 gold pieces
   171 | D        | Noticed a hell hog
   180 | D        | Bought a +5 ring of protection for 715 gold pieces
   205 | D        | Noticed a blink frog
   426 | D        | Noticed an orange crystal statue
   437 | D        | Found an opulent altar of Gozag.
   437 | D        | Found an iron altar of Okawaru.
   439 | D        | Found a sparkling altar of Nemelex Xobeh.
   439 | D        | Found a blossoming altar of Fedhas.
   440 | D        | Found a radiant altar of Vehumet.
   440 | D        | Found a burning altar of Makhleb.
   440 | D        | Found a white marble altar of Elyvilon.
   441 | D        | Found a hide-covered altar of Uskayaw.
   441 | D        | Found a corrupted altar of Lugonu.
   441 | D        | Found a shadowy altar of Dithmenos.
   442 | D        | Found a glowing silver altar of Zin.
   442 | D        | Found a bloodstained altar of Trog.
   442 | D        | Found an ancient bone altar of Kikubaaqudgha.
   442 | D        | Found a snail-covered altar of Cheibriados.
   444 | D        | Found a basalt altar of Yredelemnul.
   444 | D        | Found a deep blue altar of Sif Muna.
   444 | D        | Found a viscous altar of Jiyva.
   446 | D        | Found a shimmering altar of Xom.
   446 | D        | Found a sacrificial altar of Ru.
   447 | D        | Found a glowing golden altar of the Shining One.
   447 | D        | Found a stormy altar of Qazlal.
   447 | D        | Noticed a polar bear
   448 | D        | Noticed a polar bear
   449 | D        | Noticed a polar bear
   449 | D        | Found a hazy altar of Hepliaklqana.
   451 | D        | Noticed a yaktaur
   451 | D        | Found a roughly hewn altar of Beogh.
   454 | D        | Killed a polar bear
   459 | D        | Killed a polar bear
   464 | D        | Noticed a hornet
   464 | D        | Killed a polar bear
   471 | D        | Killed a yaktaur
   471 | D        | Reached XP level 9. HP: 71/89 MP: 17/17
   489 | D        | Became a worshipper of Qazlal Stormbringer
   608 | D        | Noticed a kraken
  1249 | D        | Reached skill level 1 in Invocations
  1254 | D        | Reached * piety under Qazlal
  1346 | D        | Noticed a deep troll
  1347 | D        | Noticed a deep troll
  1353 | D        | Killed a deep troll
  1355 | D        | Killed a deep troll
  1459 | D        | Noticed a sphinx
  1459 | D        | Noticed a sphinx
  1463 | D        | Killed a sphinx
  1463 | D        | Reached ** piety under Qazlal
  1463 | D        | Reached skill level 5 in Invocations
  1463 | D        | Reached XP level 10. HP: 101/101 MP: 18/20
  1469 | D        | Killed a sphinx
  1574 | D        | Reached *** piety under Qazlal
  1584 | D        | Reached XP level 11. HP: 69/110 MP: 22/22
  1593 | D        | Reached **** piety under Qazlal
  1608 | D        | Reached ***** piety under Qazlal
  2040 | D        | Killed a kraken
  2290 | D        | Noticed Sonja
  2290 | D        | Noticed a hellephant
  2290 | D        | Noticed a glowing orange brain
  2290 | D        | Noticed a green draconian shifter
  2316 | D        | Killed from afar by a hellephant

Skill      XL: |  1  2  3  4  5  6  7  8  9 10 11 |
---------------+----------------------------------+-----
Fighting       | 7 8 9 10 11 13 14 | 14.6
Axes           | 6 7 8 9 11 13 14 | 14.4
Armour         | 7 8 9 10 11 13 14 | 14.6
Shields        | 7 8 9 10 11 13 14 | 14.6
Spellcasting   | 3 4 5 6 7 8 |  8.8
Invocations    | 5 6 7 |  7.9

Action                   |  1- 3 |  4- 6 |  7- 9 | 10-12 || total
-------------------------+-------+-------+-------+-------++-------
Melee: War axe           |     5 |    13 |   113 |   102 ||   233
       Headbutt          |     2 |     3 |    20 |    12 ||    37
Invok: Upheaval          |       |       |       |     6 ||     6
 Abil: Evoke Berserk Rag |       |       |     2 |       ||     2
  Use: Potion            |     3 |       |     3 |     2 ||     8
       Scroll            |       |       |     3 |       ||     3
  Eat: Bread ration      |       |       |     1 |       ||     1
       Meat ration       |       |       |       |     1 ||     1
Armor: Scale mail        |     2 |     2 |     4 |       ||     8
       Chain mail        |       |       |    43 |    48 ||    91
Dodge: Dodged            |     3 |     6 |    32 |    35 ||    76
Block: Shield            |     5 |     5 |    76 |   113 ||   199
